 Dungeon Crawl Stone Soup version 0.31.0-9-g3a7656b989 (console) character file.

Game seed: 7366651407497868349

38910 Ignak the Thaumaturge (level 14, -2/108 HPs)
             Began as a Gnoll Air Elementalist on Jan 31, 2024.
             Was a High Priest of Sif Muna.
             Slain by a dream sheep (28 damage)
             ... led by a torpor snail
             ... on level 4 of the Lair of Beasts.
             The game lasted 00:55:29 (16889 turns).

Ignak the Thaumaturge (Gnoll Air Elementalist)     Turns: 16889, Time: 00:55:30

Health: -2/108     AC: 17    Str: 20    XL:     14   Next: 4%
Magic:  20/37      EV:  2    Int: 14    God:    Sif Muna [*****.]
Gold:   262        SH:  0    Dex: 16    Spells: 8/33 levels left

rFire   + + .        C - +8 falchion {venom, rElec rPois rF+ Str+2}
rCold   . . .        A - +0 buckler
rNeg    . . .        r - +0 steam dragon scales
rPois   +            K - +2 hat {Will+}
rElec   +            t - +2 cloak {Stlth+}
rCorr   .            J - +2 pair of gloves {Str+3}
SInv    .            b - +2 pair of slick slippers {slick, slippery, EV+4}
Will    +++..        L - amulet "Vadipsy" {Reflect +Inv Regen+ MP+9 Int-4 SH+5}
Stlth   ++++++       a - ring "Zibuxin" {Will+ Str+3 Dex+6}
HPRegen 1.18/turn    y - ring "Ritoij" {Fly rF+ Str+4 Dex-4 Stlth+}
MPRegen 0.25/turn

%: reflection
@: sleeping, flying
A: fangs 1, strong nose, distributed training
a: Renounce Religion, Evoke Invisibility, Channel Magic, Forget Spell, Divine
Exegesis


You were on level 4 of the Lair of Beasts.
You worshipped Sif Muna.
Sif Muna was extremely pleased with you.
You visited 3 branches of the dungeon, and saw 16 of its levels.
You also visited: Bailey and Gauntlet.

You collected 1113 gold pieces.
You spent 851 gold pieces at shops.

Inventory:

Hand Weapons
 C - the +8 falchion of Zoerur (weapon) {venom, rElec rPois rF+ Str+2}
   (You found it on level 8 of the Dungeon)

   Str+2:     It affects your strength (+2).
   rF+:       It protects you from fire.
   rElec:     It insulates you from electricity.
   rPois:     It protects you from poison
Missiles
 f - 31 poisoned darts (quivered)
Armour
 b - the +2 pair of slick slippers (worn) {slick, slippery, EV+4}
   (You found it in a bailey)

   Slick:     Its wearer cannot be constricted, engulfed, netted or webbed.
   Slippery:  Its wearer slips away from damaging melee attacks, pulling the
   attacker onward.
   EV+4:      It affects your evasion (+4).
 l - a +2 robe of cold resistance
 r - +0 steam dragon scales (worn)
 t - a +2 cloak of stealth (worn)
 A - a +0 buckler (worn)
 E - a +0 pair of boots
 J - a +2 pair of gloves of strength (worn)
 K - a +2 hat of willpower (worn)
Jewellery
 a - the ring "Zibuxin" (left hand) {Will+ Str+3 Dex+6}
   (You found it on level 8 of the Dungeon)

   [ring of dexterity]

   Str+3:     It affects your strength (+3).
   Dex+6:     It affects your dexterity (+6).
   Will+:     It increases your willpower.
 y - the ring "Ritoij" (right hand) {Fly rF+ Str+4 Dex-4 Stlth+}
   (You found it on level 8 of the Dungeon)

   [ring of protection from fire]

   Str+4:     It affects your strength (+4).
   Dex-4:     It affects your dexterity (-4).
   rF+:       It protects you from fire.
   Fly:       It grants you flight.
   Stlth+:    It makes you more stealthy.
 D - the ring "Gaelocer" {rN+ Will- Str+2 Int+6 SInv}
   (You found it on level 8 of the Dungeon)

   [ring of intelligence]

   Str+2:     It affects your strength (+2).
   Int+6:     It affects your intelligence (+6).
   rN+:       It protects you from negative energy.
   Will-:     It decreases your willpower.
   SInv:      It lets you see invisible.
 L - the amulet "Vadipsy" (around neck) {Reflect +Inv Regen+ MP+9 Int-4 SH+5}
   (You bought it in a shop on level 4 of the Dungeon)

   [amulet of reflection]

   Reflect:   It reflects blocked missile attacks.
   Int-4:     It affects your intelligence (-4).
   MP+9:      It affects your magic capacity (+9).
   +Inv:      It lets you turn invisible.
   Regen+:    It increases your rate of health regeneration.
   SH+5:      It affects your SH (+5).
Wands
 g - a wand of polymorph (14)
 o - a wand of mindburst (13)
 q - a wand of charming (8)
 B - a wand of iceblast (9)
 I - a wand of flame (9)
Scrolls
 e - 3 scrolls of amnesia
 h - 4 scrolls of poison
 i - a scroll of blinking
 k - 7 scrolls of teleportation
 m - 4 scrolls of enchant armour
 n - a scroll of enchant weapon
 v - 3 scrolls of fear
 z - 2 scrolls of vulnerability
 G - a scroll of fog
 H - a scroll of immolation
 Q - a scroll of brand weapon
Potions
 c - 2 potions of magic
 d - 2 potions of enlightenment {unknown}
 j - 2 potions of mutation
 p - 2 potions of heal wounds {unknown}
 s - a potion of brilliance {unknown}
 u - 3 potions of curing
 w - a potion of cancellation
 x - 2 potions of might
 F - a potion of attraction {unknown}
 O - 3 potions of ambrosia {unknown}
Miscellaneous
 M - a phantom mirror
 N - a tin of tremorstones (2/2)


   Skills:
 + Level 9.1 Fighting
 + Level 9.1 Short Blades
 + Level 9.1 Long Blades
 + Level 9.1 Axes
 + Level 9.1 Maces & Flails
 + Level 9.1 Polearms
 + Level 9.1 Staves
 + Level 9.1 Ranged Weapons
 + Level 9.1 Throwing
 + Level 9.1 Armour
 + Level 10.3 Dodging
 + Level 10.1 Stealth
 + Level 9.1 Shields
 + Level 9.1 Unarmed Combat
 + Level 10.4 Spellcasting
 + Level 8.0 Conjurations
 + Level 7.6 Hexes
 + Level 7.6 Summonings
 + Level 7.6 Necromancy
 + Level 7.6 Translocations
 + Level 7.6 Fire Magic
 + Level 7.6 Ice Magic
 + Level 9.5 Air Magic
 + Level 7.6 Earth Magic
 + Level 7.6 Alchemy
 + Level 10.0 Invocations
 + Level 9.1 Evocations
 + Level 8.3 Shapeshifting


You had 8 spell levels left.
You knew the following spells:

 Your Spells              Type           Power      Damage    Failure   Level
a - Shock                 Conj/Air       100%       1d9       1%          1
b - Swiftness             Air            33%        N/A       1%          3
c - Airstrike             Air            16%        2d(3-19)  2%          4
d - Tukima's Dance        Hex            28%        N/A       1%          3
e - Summon Ice Beast      Ice/Summ       28%        N/A       1%          3
f - Hailstorm             Conj/Ice       29%        3d8       1%          3
g - Stone Arrow           Conj/Erth      58%        3d10      1%          3
t - Passwall              Erth           28%        N/A       1%          3
z - Static Discharge      Conj/Air       62%        3-6/arc   1%          2

Your spell library contained the following spells:

 Spells                   Type           Power      Damage    Failure   Level
 Sandblast                Erth           56%        2d13      1%          1
 Call Canine Familiar     Summ           28%        N/A       1%          3
 Sigil of Binding         Hex            28%        N/A       1%          3
 Brom's Barrelling Bould  Conj/Erth      29%        2d5       4%          4
 Cause Fear               Hex            14%        N/A       4%          4
 Dimensional Bullseye     Hex/Tloc       14%        N/A       4%          4
 Iskenderun's Mystic Bla  Conj/Tloc      29%        2d7       4%          4
 Fireball                 Conj/Fire      14%        3d8       13%         5
 Summon Mana Viper        Hex/Summ       28%        N/A       14%         5
 Sculpt Simulacrum        Ice/Alch       14%        N/A       58%         6
 Monstrous Menagerie      Summ           14%        N/A       99%         7
 Dragon's Call            Summ           14%        N/A       100%        9


Dungeon Overview and Level Annotations

Branches:
Dungeon (11/15)            Temple (1/1) D:6            Lair (4/5) D:10
 Shoals (0/4) Lair:3        Snake (0/4) Lair:2       Bailey (visited)
Gauntlet (visited)
  Slime: Lair:4-5       Orc: D:9-12

Altars:
Ashenzari
Cheibriados
Dithmenos
Elyvilon
Fedhas
Gozag
Hepliaklqana
Kikubaaqudgha
Makhleb
Nemelex Xobeh
Okawaru
Qazlal
Ru
Sif Muna
Trog
Uskayaw
Vehumet
Wu Jian
Xom
Yredelemnul
Zin
The Shining One

Shops:
D:4 =   D:7 *

Annotations:
Temple 2 transporters


Innate Abilities, Weirdness & Mutations

You have very sharp teeth.
Your uncanny sense of smell can sniff out nearby items.
Your experience applies equally to all skills.


Message History

You kill the cane toad!
Sif Muna accepts your kill.
You feel sick.
The dream sheep shake their wool and sparkle.
You feel drowsy...
You fall asleep.
You feel sick. x4
The dream sheep completely misses you.
You feel sick. The dream sheep headbutts you!!
You wake up.
* * * LOW HITPOINT WARNING * * *
You slip backwards!
Unknown command.
Unknown command.
You barely miss the dream sheep.
You bite the dream sheep, but do no damage.
You feel sick.
You are no longer poisoned.
The dream sheep headbutts you but does no damage.
You hit the dream sheep.
The dream sheep is poisoned.
The dream sheep is lightly wounded.
You block the dream sheep's attack. The dream sheep barely misses you.
Casting: Hailstorm (safe; 1% risk of failure)
Confirm with . or Enter, or press ? or * to list all spells.
A chill wind blows around you. The dream sheep barely misses you.
The dream sheep misses you.
You slash the dream sheep!
The dream sheep is heavily wounded.
The dream sheep closely misses you.
The dream sheep headbutts you but does no damage.
You slash the dream sheep!
The dream sheep is poisoned.
The dream sheep is severely wounded.
You closely miss the dream sheep. You bite the dream sheep.
The dream sheep is moderately wounded.
The dream sheep misses you. x2
Your ice beast barely misses the dream sheep.
You closely miss the dream sheep. You bite the dream sheep.
The dream sheep is moderately wounded.
The dream sheep shake their wool and sparkle.
You feel drowsy...
You fall asleep.
The dream sheep headbutts you!!
You die...

......##### ##
.......#..####.#
#.............. .
#........... ..
#...........
...########........... .
.................#..#P..
.......Y..........#.#.P
.......@Y...............
........Y†.†..)....#.#..
...>.......†††.....# ...
............<......#....
...#.#..##.#####.......>
.....#.##### ##.......
...# ## #P.#.... ..
#..#.#.. #... .


Y You could see 2 dream sheep and a friendly ice beast (summoned).

Vanquished Creatures
  Gastronok (Lair:1)
  A minotaur (Gauntlet)
  A hydra (Lair:3)
  A catoblepas (Lair:3)
  2 two-headed ogres
  2 boulder beetles (D:8)
  A death yak (Lair:2)
  A tengu warrior (D:8)
  Nergalle (Lair:1)
  A skyshark (Lair:3)
  2 glowing orange brains (Gauntlet)
  A harpy (Lair:3)
  2 ugly things
  A cyclops (D:11)
  3 manticores
  12 elephants
  A gargoyle (D:10)
  5 cane toads
  3 black mambas
  2 torpor snails
  A rime drake (Lair:1)
  Jeremiah (D:6)
  2 komodo dragons (Lair:1)
  Psyche (D:8)
  A queen bee (Lair:2)
  An ice devil (Gauntlet)
  2 trolls
  20 blink frogs
  A hornet (D:5)
  A tarantella (shapeshifter) (D:8)
  A dream sheep (Lair:4)
  A slime creature (D:8)
  A wraith (D:9)
  A shadow (D:10)
  16 yaks
  2 wyverns (Lair:2)
  4 basilisks
  2 steam dragons
  4 vampire mosquitoes (D:11)
  3 nagas (Lair:2)
  An acid dragon (D:6)
  8 water moccasins
  Duvessa (D:5)
  2 ice beasts
  7 orc warriors
  5 sky beasts
  3 ogres
  7 centaurs
  14 wolves
  2 phantoms (D:4)
  9 bullfrogs
  3 kobold brigands
  5 scorpions
  12 wights
  Dowan (D:5)
  30 killer bees
  4 electric eels (D:9)
  A bombardier beetle (D:6)
  A nameless horror (D:5)
  3 howler monkeys
  4 hounds
  2 jellies
  7 orc priests
  A sleepcap (D:5)
  Jessica (D:3)
  6 hell rats (Lair:3)
  6 orc wizards
  5 iguanas
  8 gnolls
  7 adders
  2 river rats (Lair:2)
  A shadow imp (D:5)
  6 white imps
  2 ufetubi (D:6)
  4 dart slugs
  55 orcs
  5 bats
  7 endoplasms
  2 giant cockroaches (D:3)
  6 goblins
  6 hobgoblins
  5 jackals
  A quokka (D:4)
  3 ball pythons
  2 frilled lizards (D:2)
  30 kobolds
  5 rats
  2 butterflies (Lair:1)
420 creatures vanquished.

Vanquished Creatures (collateral kills)
  A yak (D:8)
  A water moccasin (D:8)
  A kobold brigand (D:8)
  A wight (D:8)
  Crazy Yiuf (D:5)
  An orc (D:8)
6 creatures vanquished.

Vanquished Creatures (others)
  A killer bee (Lair:2)
1 creature vanquished.

Grand Total: 427 creatures vanquished

Notes
Turn   | Place    | Note
-------+----------+-------------------------------------------
     0 | D:1      | Ignak the Gnoll Air Elementalist began the quest for the
                  | Orb.
     0 | D:1      | Reached XP level 1. HP: 13/13 MP: 6/6
   316 | D:1      | Reached XP level 2. HP: 18/19 MP: 3/7
   765 | D:1      | Reached skill level 5 in Spellcasting
   765 | D:1      | Reached XP level 3. HP: 20/25 MP: 1/9
   768 | D:1      | Learned a level 2 spell: Static Discharge
   772 | D:1      | Learned a level 3 spell: Swiftness
   776 | D:1      | Learned a level 3 spell: Summon Ice Beast
  1412 | D:2      | Reached skill level 1 in Invocations
  1627 | D:2      | Reached skill level 1 in Fighting
  1627 | D:2      | Reached skill level 1 in Short Blades
  1627 | D:2      | Reached skill level 1 in Long Blades
  1627 | D:2      | Reached skill level 1 in Axes
  1627 | D:2      | Reached skill level 1 in Maces & Flails
  1627 | D:2      | Reached skill level 1 in Polearms
  1627 | D:2      | Reached skill level 1 in Staves
  1627 | D:2      | Reached skill level 1 in Ranged Weapons
  1627 | D:2      | Reached skill level 1 in Throwing
  1627 | D:2      | Reached skill level 1 in Armour
  1627 | D:2      | Reached skill level 1 in Shields
  1627 | D:2      | Reached skill level 1 in Unarmed Combat
  1627 | D:2      | Reached skill level 1 in Evocations
  1983 | D:2      | Reached skill level 1 in Shapeshifting
  1983 | D:2      | Reached XP level 4. HP: 29/32 MP: 6/11
  2224 | D:3      | Reached skill level 1 in Hexes
  2224 | D:3      | Reached skill level 1 in Summonings
  2224 | D:3      | Reached skill level 1 in Necromancy
  2224 | D:3      | Reached skill level 1 in Translocations
  2224 | D:3      | Reached skill level 1 in Fire Magic
  2224 | D:3      | Reached skill level 1 in Ice Magic
  2224 | D:3      | Reached skill level 1 in Earth Magic
  2224 | D:3      | Reached skill level 1 in Alchemy
  2686 | D:3      | Noticed Jessica
  2695 | D:3      | Killed Jessica
  2696 | D:3      | Reached XP level 5. HP: 28/37 MP: 7/12
  3262 | D:4      | Found a burning altar of Makhleb.
  3272 | D:4      | Reached XP level 6. HP: 44/44 MP: 5/14
  3303 | D:4      | Reached skill level 5 in Dodging
  3309 | D:4      | Learned a level 4 spell: Airstrike
  3561 | D:4      | Found Podum's Jewellery Shoppe.
  4002 | D:4      | Found a hazy altar of Hepliaklqana.
  4342 | D:5      | Entered Level 5 of the Dungeon
  4350 | D:4      | Reached XP level 7. HP: 50/51 MP: 7/15
  4482 | D:5      | Noticed Duvessa
  4482 | D:5      | Noticed Dowan
  4509 | D:5      | Killed Dowan
  4536 | D:5      | Killed Duvessa
  4537 | D:5      | Reached skill level 5 in Stealth
  4810 | D:5      | Reached XP level 8. HP: 58/58 MP: 10/16
  5114 | D:5      | Noticed a hornet
  5328 | D:5      | Killed a hornet
  5553 | D:5      | Found a runed translucent door.
  5554 | D:5      | Noticed Crazy Yiuf
  5572 | D:5      | Killed Crazy Yiuf
  5764 | D:6      | Reached XP level 9. HP: 65/65 MP: 14/18
  5894 | D:6      | Identified the serpent talisman of Adiocamn {rC- Will+
                  | Str+9 Int-4}
  6217 | D:6      | Found a staircase to the Ecumenical Temple.
  6243 | Temple   | Found a transporter.
  6243 | Temple   | Found a transporter.
  6243 | Temple   | Found a transporter.
  6243 | Temple   | Found a transporter.
  6243 | Temple   | Entered the Ecumenical Temple
  6262 | Temple   | Became a worshipper of Sif Muna the Loreminder
  6753 | D:6      | Noticed Jeremiah
  6758 | D:6      | Killed Jeremiah
  6759 | D:6      | Reached skill level 5 in Invocations
  7008 | D:7      | Found a shimmering altar of Xom.
  7009 | D:7      | Found a basalt altar of Yredelemnul.
  7584 | D:7      | Found Laofyag's General Store.
  7589 | D:7      | Bought a potion of curing for 39 gold pieces
  7589 | D:7      | Bought a potion of mutation for 104 gold pieces
  7699 | D:7      | Reached skill level 5 in Fighting
  7699 | D:7      | Reached skill level 5 in Short Blades
  7699 | D:7      | Reached skill level 5 in Long Blades
  7699 | D:7      | Reached skill level 5 in Axes
  7699 | D:7      | Reached skill level 5 in Maces & Flails
  7699 | D:7      | Reached skill level 5 in Polearms
  7699 | D:7      | Reached skill level 5 in Staves
  7699 | D:7      | Reached skill level 5 in Ranged Weapons
  7699 | D:7      | Reached skill level 5 in Throwing
  7699 | D:7      | Reached skill level 5 in Armour
  7699 | D:7      | Reached skill level 5 in Shields
  7699 | D:7      | Reached skill level 5 in Unarmed Combat
  7699 | D:7      | Reached skill level 5 in Evocations
  7699 | D:7      | Reached XP level 10. HP: 71/74 MP: 17/20
  7744 | D:8      | Reached * piety under Sif Muna
  7889 | D:8      | Noticed Psyche
  7897 | D:8      | Killed Psyche
  7898 | D:8      | Reached skill level 5 in Conjurations
  8054 | D:8      | Reached skill level 5 in Shapeshifting
  8125 | D:8      | Noticed a tengu warrior
  8202 | D:8      | Killed a tengu warrior
  8297 | D:8      | Reached ** piety under Sif Muna
  8305 | D:8      | Noticed a boulder beetle
  8305 | D:8      | Noticed a manticore
  8312 | D:8      | Noticed a boulder beetle
  8313 | D:8      | an acid dragon changed into an eye of devastation
  8313 | D:8      | Noticed an eye of devastation (shapeshifter)
  8372 | D:8      | Killed a boulder beetle
  8420 | D:8      | Reached skill level 5 in Hexes
  8420 | D:8      | Reached skill level 5 in Summonings
  8420 | D:8      | Reached skill level 5 in Necromancy
  8420 | D:8      | Reached skill level 5 in Translocations
  8420 | D:8      | Reached skill level 5 in Fire Magic
  8420 | D:8      | Reached skill level 5 in Ice Magic
  8420 | D:8      | Reached skill level 5 in Earth Magic
  8420 | D:8      | Reached skill level 5 in Alchemy
  8608 | D:8      | Reached XP level 11. HP: 75/81 MP: 22/22
  8802 | D:8      | Identified the +8 falchion of Zoerur {venom, rElec rPois
                  | rF+ Str+2}
  8868 | D:8      | Noticed a green ugly thing
  8883 | D:8      | Killed a green ugly thing
  8937 | D:8      | Killed a manticore
  8970 | D:8      | Killed a boulder beetle
  9025 | D:8      | Identified the ring "Zibuxin" {Will+ Str+3 Dex+6}
  9028 | D:8      | Identified the ring of Denitta {Fly rElec rPois rF- Dex+3}
  9044 | D:8      | Identified the ring "Ritoij" {Fly rF+ Str+4 Dex-4 Stlth+}
  9047 | D:8      | Identified the ring "Gaelocer" {rN+ Will- Str+2 Int+6 SInv}
  9106 | D:9      | Noticed a skeletal warrior
  9168 | D:9      | Found a flagged portal.
  9177 | Bailey   | Entered a bailey
  9469 | Bailey   | Found the +2 pair of slick slippers {slick, slippery, EV+4}
 10036 | D:9      | Noticed a two-headed ogre
 10047 | D:9      | Killed a two-headed ogre
 10134 | D:10     | Entered Level 10 of the Dungeon
 10143 | D:10     | Reached *** piety under Sif Muna
 10162 | D:10     | Learned a level 3 spell: Hailstorm
 10511 | D:10     | Found an ornate altar of the Wu Jian Council.
 10555 | D:10     | Found a staircase to the Lair.
 11123 | D:11     | Noticed a cyclops
 11147 | D:11     | Killed a cyclops
 11163 | D:11     | Noticed a two-headed ogre
 11194 | D:11     | Killed a two-headed ogre
 11341 | D:11     | Noticed a manticore
 11357 | D:10     | Reached XP level 12. HP: 71/91 MP: 24/24
 11380 | D:11     | Reached **** piety under Sif Muna
 11860 | D:10     | Learned a level 3 spell: Tukima's Dance
 11963 | Lair:1   | Entered Level 1 of the Lair of Beasts
 11971 | Lair:1   | Noticed Nergalle
 11996 | Lair:1   | Killed Nergalle
 12042 | Lair:1   | Identified the +4 quarterstaff of the Poles {freeze,
                  | ^Fragile rPois rN+++ SInv}
 12067 | Lair:1   | Found a gate leading to a gauntlet.
 12076 | Gauntlet | Entered a Gauntlet
 12076 | Gauntlet | Found a transporter.
 12076 | Gauntlet | Found a transporter.
 12082 | Gauntlet | Found a transporter.
 12082 | Gauntlet | Found a transporter.
 12099 | Gauntlet | Found a transporter.
 12143 | Gauntlet | Found a transporter.
 12163 | Gauntlet | Found a transporter.
 12170 | Gauntlet | Found a transporter.
 12188 | Gauntlet | Found a transporter.
 12275 | Gauntlet | Found a transporter.
 12281 | Gauntlet | Found a large runed translucent door.
 12282 | Gauntlet | Found a large runed translucent door.
 12283 | Gauntlet | Found a large runed translucent door.
 12283 | Gauntlet | Found a large runed translucent door.
 12284 | Gauntlet | Found a runed translucent gate.
 12284 | Gauntlet | Found a large runed translucent door.
 12284 | Gauntlet | Found a large runed translucent door.
 12284 | Gauntlet | Found a runed translucent door.
 12285 | Gauntlet | Found a transporter.
 12285 | Gauntlet | Found a runed translucent gate.
 12285 | Gauntlet | Found a large runed translucent door.
 12286 | Gauntlet | Found a large runed translucent door.
 12288 | Gauntlet | Found a runed translucent gate.
 12288 | Gauntlet | Found a runed translucent door.
 12288 | Gauntlet | Found a transporter.
 12303 | Gauntlet | Found a large runed translucent door.
 12303 | Gauntlet | Found a large runed translucent door.
 12304 | Gauntlet | Found a large runed translucent door.
 12305 | Gauntlet | Found a large runed translucent door.
 12314 | Gauntlet | Found a large runed translucent door.
 12314 | Gauntlet | Found a large runed translucent door.
 12315 | Gauntlet | Found a large runed translucent door.
 12333 | Gauntlet | Found a transporter.
 12352 | Gauntlet | Found a transporter.
 12435 | Gauntlet | Found a transporter.
 12519 | Gauntlet | Found a transporter.
 12559 | Gauntlet | Found a large runed translucent door.
 12683 | Gauntlet | Noticed a minotaur
 12700 | Gauntlet | Killed a minotaur
 12871 | Lair:1   | Noticed Gastronok
 12907 | Lair:1   | Killed Gastronok
 13717 | D:4      | Bought the amulet "Vadipsy" {Reflect +Inv Regen+ MP+9 Int-4
                  | SH+5} for 708 gold pieces
 14404 | Lair:2   | Found a staircase to the Snake Pit.
 14488 | Lair:2   | Reached XP level 13. HP: 84/98 MP: 26/26
 14645 | Lair:2   | Reached ***** piety under Sif Muna
 15084 | Lair:2   | Reached skill level 10 in Spellcasting
 15412 | Lair:3   | Received a gift from Sif Muna
 15427 | Lair:3   | Learned a level 3 spell: Passwall
 15431 | Lair:3   | Learned a level 3 spell: Stone Arrow
 15689 | Lair:3   | Found a staircase to the Shoals.
 15706 | Lair:3   | Reached skill level 10 in Dodging
 16142 | Lair:3   | Reached skill level 10 in Stealth
 16872 | Lair:4   | Reached skill level 10 in Invocations
 16872 | Lair:4   | Reached XP level 14. HP: 85/108 MP: 28/28
 16889 | Lair:4   | Slain by a dream sheep

Illustrated notes

Levels and vault maps discovered:
D:1:      dpeg_arrival_round_c, layout_basic, serial_corexii_hall,
          corexii_hall_statues_i, corexii_hall_statues_deadend,
          corexii_hall_statues_s, chequers_hall_statues_corner_a,
          minmay_tromino_v2
D:2:      layout_basic
D:3:      layout_basic, uniq_jessica
D:4:      layout_loops_corners, mainiacjoe_overflow_large_starburst,
          serial_shops, shop
D:5:      minmay_clustersquares, layout_rooms, uniq_crazy_yiuf_cottage,
          uniq_duvessa
D:6:      nicolae_BIG_FREAKIN_CUBE, layout_cave_pods, minmay_temple_entry_waves,
          uniq_jeremiah
D:7:      layout_loops_ring, mainiacjoe_overflow_divided_tiny, serial_shops,
          nicolae_shop_tiny_statue_garden
D:8:      minmay_the_grid_triangle_9x9_rhombus_thin
          [minmay_the_grid_triangle_9x9_alien,
          minmay_the_grid_triangle_9x9_prize_special,
          minmay_the_grid_triangle_9x9_sparse_checkered,
          minmay_the_grid_triangle_9x9_semitri], layout_rooms,
          eino_tiny_chamber, uniq_psyche
D:9:      cheibrodos_elevator_heist, layout_basic, enter_bailey_1
D:10:     layout_small_grid, old_standard_altar, lair_entry_dummy
D:11:     layout_cave_pools
Temple:   hellmonk_temple_divided_pantheon
Lair:1:   layout_big_grid, gauntlet_entry_generic, lemuel_fruit_fields,
          uniq_gastronok, uniq_nergalle
Lair:2:   regret_index_tunnel_blossom, layout_regular_city,
          guppyfry_snake_entry_garden, infiniplex_staircase_pool_2
Lair:3:   layout_layer_cave, nicolae_shoals_entry_roost
Lair:4:   layout_cellular_growth, nicolae_slime_entry_field_trip, st_stairs_3,
          cheibrodos_lair_lostbears, serial_bayou_shore_b, uniq_nessos,
          uniq_urug

Skill      XL: |  1  2  3  4  5  6  7  8  9 10 11 12 13 14 |
---------------+-------------------------------------------+-----
Conjurations   | 2 3 4 5 6 7 8 |  8.0
Spellcasting   | 5 6 7 8 9 10 | 10.4
Invocations    | 1 2 3 4 5 6 7 8 10 | 10.0
Fighting       | 1 2 3 5 6 7 8 9 |  9.1
Short Blades   | 1 2 3 5 6 7 8 9 |  9.1
Long Blades    | 1 2 3 5 6 7 8 9 |  9.1
Axes           | 1 2 3 5 6 7 8 9 |  9.1
Maces & Flails | 1 2 3 5 6 7 8 9 |  9.1
Polearms       | 1 2 3 5 6 7 8 9 |  9.1
Staves         | 1 2 3 5 6 7 8 9 |  9.1
Ranged Weapons | 1 2 3 5 6 7 8 9 |  9.1
Throwing       | 1 2 3 5 6 7 8 9 |  9.1
Armour         | 1 2 3 5 6 7 8 9 |  9.1
Shields        | 1 2 3 5 6 7 8 9 |  9.1
Unarmed Combat | 1 2 3 5 6 7 8 9 |  9.1
Evocations     | 1 2 3 5 6 7 8 9 |  9.1
Shapeshifting  | 1 2 3 4 5 6 7 8 |  8.3
Hexes          | 1 2 3 4 5 6 7 |  7.6
Summonings     | 1 2 3 4 5 6 7 |  7.6
Necromancy     | 1 2 3 4 5 6 7 |  7.6
Translocations | 1 2 3 4 5 6 7 |  7.6
Fire Magic     | 1 2 3 4 5 6 7 |  7.6
Ice Magic      | 1 2 3 4 5 6 7 |  7.6
Earth Magic    | 1 2 3 4 5 6 7 |  7.6
Alchemy        | 1 2 3 4 5 6 7 |  7.6
Dodging        | 5 6 7 8 9 10 | 10.3
Stealth        | 5 6 7 8 9 10 | 10.1
Air Magic      | 6 7 8 9 |  9.5

Action                     |  1- 3 |  4- 6 |  7- 9 | 10-12 | 13-15 || total
---------------------------+-------+-------+-------+-------+-------++-------
  Melee: Dagger            |     6 |    38 |   108 |       |       ||   152
         Short sword       |    10 |       |       |       |       ||    10
         Bite              |     1 |       |    20 |   103 |    66 ||   190
         Punch             |       |     2 |    10 |     2 |       ||    14
         Trident           |       |       |    66 |   191 |       ||   257
         Battleaxe         |       |       |    17 |       |       ||    17
         Falchion          |       |       |       |   439 |   363 ||   802
  Throw: Dart              |     1 |     4 |    12 |     9 |       ||    26
   Cast: Shock             |    77 |    69 |    32 |    29 |       ||   207
         Static Discharge  |     1 |     5 |    16 |    20 |    38 ||    80
         Swiftness         |       |     1 |     2 |     5 |     1 ||     9
         Airstrike         |       |     2 |    31 |    40 |     2 ||    75
         Summon Ice Beast  |       |       |     3 |    20 |     2 ||    25
         Hailstorm         |       |       |       |    17 |     4 ||    21
         Stone Arrow       |       |       |       |       |    14 ||    14
  Evoke: Wand              |       |       |       |    16 |       ||    16
         Tin of tremorston |       |       |       |     2 |       ||     2
         Phantom mirror    |       |       |       |     1 |       ||     1
    Use: Scroll            |       |     4 |     3 |     5 |     6 ||    18
         Potion            |       |       |     2 |     2 |       ||     4
   Stab: Sleeping          |       |     4 |     2 |    12 |     6 ||    24
         Distracted        |       |       |     1 |     4 |       ||     5
 Armour: Robe              |    21 |    32 |    52 |       |       ||   105
         Steam dragon scal |       |       |    85 |   423 |   257 ||   765
  Dodge: Dodged            |    20 |    39 |   143 |   534 |   432 ||  1168
  Block: Buckler           |       |       |       |   195 |   308 ||   503
         Reflection        |       |       |       |     4 |     1 ||     5
